VANCOUVER vs OTTAWA

Created - Wednesday, April 04, 2018 at 20:36

Goals
1 2 3 T
VANCOUVER 0 0 0 0
OTTAWA 1 3 0 4
Shots
1 2 3 T
VANCOUVER 6 13 14 33
OTTAWA 8 19 9 36

1st period

1. OTTAWA , Andrew Ladd 11 (Ryan Suter 45) at 7:07

Penalties :
Hampus Lindholm (VAN) for Cross-checking (Minor) at 8:37, Eric Fehr (OTT) for Slashing (Minor) at 15:37, Anton Slepyshev (OTT) for Tripping (Minor) at 17:48

2nd period

2. OTTAWA , Dennis Wideman 5 (Jordan Eberle 30, Marcus Sorensen 7) at 7:28
3. OTTAWA , Eric Fehr 6 (Ryan Suter 46, Andrew Ladd 10) at 14:27
4. OTTAWA , Ryan Suter 19 (Jordan Eberle 31, Nick Foligno 27) at 17:22 (PP)

Penalties :
Ryan Ellis (VAN) for Roughing (Minor) at 7:38, Jeff Schultz (OTT) for Boarding (Minor) at 10:05, Travis Hamonic (VAN) for Interference (Minor) at 16:23

3rd period

No Goal

Penalties :
Justin Schultz (OTT) for Roughing (Minor) at 1:37, Anton Slepyshev (OTT) for Holding (Minor) at 3:47, Eric Fehr (OTT) for Hooking (Minor) at 11:46, Kevin Bieksa (VAN) for Holding (Minor) at 13:58, Nazem Kadri (VAN) for Holding (Minor) at 17:54

Goalie Stats

Martin Jones (VAN), 32 saves from 36 shots - (0.889), L, 34-26-5, 60:00 minutes
Connor Hellebuyck (OTT), 33 saves from 33 shots - (1.000), W, 26-40-3, 60:00 minutes

Players Stats for VANCOUVER

Player Name              G  A  P  +/- PIM S  H  SB GA TA FO     MP     PP MP  PK MP  
------------------------------------------------------------------------------------
Chris Kunitz             0  0  0  -1  0   1  0  0  0  0  0/0     5:05   0:00   1:21 
Daniel Sedin             0  0  0  -1  0   1  0  0  0  0  0/1     9:23   0:00   0:19 
Hampus Lindholm          0  0  0  -2  2   3  2  0  0  0  0/0    22:36   5:11   3:29 
Jaromir Jagr             0  0  0  -1  0   3  0  0  0  0  0/1    17:48   5:03   0:00 
Jean-Gabriel Pageau      0  0  0  -1  0   0  2  0  0  0  12/18  11:57   0:00   2:53 
Jonathan Huberdeau       0  0  0  -1  0   5  1  0  0  0  0/1    17:48   5:03   0:00 
Justin Abdelkader        0  0  0  -1  0   0  3  0  0  0  0/2    12:00   0:00   2:56 
Kevin Bieksa             0  0  0   0  2   2  1  0  0  0  0/0    10:00   0:00   0:00 
Marian Gaborik           0  0  0  -1  0   0  0  0  0  0  0/0     3:44   0:00   0:00 
Mark Arcobello           0  0  0  -1  0   0  0  0  0  0  2/4     3:44   0:00   0:00 
Mark Stone               0  0  0   0  0   3  1  0  0  0  0/1    20:29   6:51   0:00 
Michael Stone            0  0  0   0  0   1  3  5  0  0  0/0    15:29   0:00   5:28 
Nazem Kadri              0  0  0  -1  2   3  1  1  0  0  16/26  22:09   5:03   4:22 
Patrick Kane             0  0  0   0  0   1  2  0  0  0  0/0    20:29   6:51   0:00 
Ryan Ellis               0  0  0  -2  2   1  1  1  0  0  0/0    23:45   5:11   3:34 
T.J. Brodie              0  0  0  -1  0   4  1  3  0  0  0/0    25:58   6:43   4:02 
Travis Hamonic           0  0  0  -1  2   2  3  0  0  0  0/0    22:08   6:43   1:17 
Tyler Seguin             0  0  0   0  0   3  3  0  0  0  31/45  26:28   6:51   5:59 

Players Stats for OTTAWA

Player Name              G  A  P  +/- PIM S  H  SB GA TA FO     MP     PP MP  PK MP  
------------------------------------------------------------------------------------
Andrew Ladd              1  1  2   2  0   5  1  0  0  0  7/15   23:10   4:47   7:05 
Anton Slepyshev          0  0  0   0  4   0  0  0  0  0  1/6     5:00   0:00   0:00 
Brandon Davidson         0  0  0   0  0   2  1  0  0  0  0/0    14:36   5:05   0:00 
Dean Kukan               0  0  0   0  0   0  0  0  0  0  0/0     0:00   0:00   0:00 
Dennis Wideman           1  0  1   1  0   1  1  0  0  0  0/0     6:43   0:00   0:22 
Dominik Simon            0  0  0   0  0   3  1  1  0  0  5/14   11:22   0:00   1:42 
Eric Fehr                1  0  1   2  4   3  2  1  0  0  1/1    16:03   4:47   0:00 
Jamie McBain             0  0  0   1  0   0  0  1  0  0  0/0     6:42   0:00   0:21 
Jeff Schultz             0  0  0   0  2   0  2  2  0  0  0/0    11:42   0:00   2:12 
Jiri Hudler              0  0  0   0  0   0  0  0  0  0  4/10   15:18   4:47   1:26 
Jordan Eberle            0  2  2   1  0   5  0  0  0  0  1/6    21:28   4:08   3:34 
Justin Schultz           0  0  0   0  2   3  1  2  0  0  0/0    19:08   3:50   4:37 
Marcus Sorensen          0  1  1   1  0   0  0  0  0  0  9/20   18:13   0:00   0:00 
Mark Stuart              0  0  0   2  0   0  1  0  0  0  0/0    17:21   0:00   4:44 
Matt Irwin               0  0  0   0  0   0  0  0  0  0  0/0     0:00   0:00   0:00 
Nick Foligno             0  1  1   1  0   5  4  0  0  0  1/2    26:24   4:08   3:34 
Oskar Sundqvist          0  0  0   2  0   0  2  0  0  0  6/16   11:18   0:00   0:00 
Ryan Suter               1  2  3   2  0   6  1  4  0  0  0/0    23:41   5:05   5:59 
Viktor Stalberg          0  0  0   0  0   2  1  1  0  0  3/9    19:46   4:08   6:27 
Zach Bogosian            0  0  0   0  0   1  3  2  0  0  0/0    20:05   3:50   5:33 

3 Stars

1 - Connor Hellebuyck (OTT)
2 - Ryan Suter (OTT)
3 - Andrew Ladd (OTT)

Power Play

VANCOUVER - 0 on 6 Attempt(s) - 0.00%
OTTAWA - 1 on 5 Attempt(s) - 20.00%

Penalty Kill

VANCOUVER - 4 on 5 Attempt(s) - 80.00% - Score 0 goal in Penalty Kill
OTTAWA - 6 on 6 Attempt(s) - 100.00% - Score 0 goal in Penalty Kill

Team Stat

VANCOUVER - Hits : 24 - Faceoff Wins : 61 - Blocked Shots : 10 - Penalty Minutes : 10
OTTAWA - Hits : 21 - Faceoff Wins : 38 - Blocked Shots : 14 - Penalty Minutes : 12

Official

Referees : Unknown
Linesman : Unknown

Game Notes

No Game Note

Finance

Level 1 -- Attendance: 4315 (71.92%) -- Ticket Income $431,500
Level 2 -- Attendance: 4067 (81.34%) -- Ticket Income $244,020
Level 3 -- Attendance: 2000 (100.00%) -- Ticket Income $70,000
Level 4 -- Attendance: 3976 (99.40%) -- Ticket Income $79,520
Luxury Box -- Attendance: 694 (69.40%) -- Ticket Income $138,800
Game was played at the Canadian Tire Center.
Total Attendance: 15052 (83.62%)
Total Ticket Income: $963,840
Total Income: $963,840

VANCOUVER

5 vs 5 Forward 
   Center                   Left Wing                Right Wing               Time % Phy DF OF 
 1 Tyler Seguin             Patrick Kane             Mark Stone               38     0   2  3  
 2 Nazem Kadri              Jonathan Huberdeau       Jaromir Jagr             35     0   2  3  
 3 Jean-Gabriel Pageau      Daniel Sedin             Justin Abdelkader        23     0   3  2  
 4 Mark Arcobello           Chris Kunitz             Marian Gaborik           4      0   3  2  

5 vs 5 Defense 
   Defense                  Defense                                           Time % Phy DF OF 
 1 T.J. Brodie              Travis Hamonic                                    38     1   2  2  
 2 Hampus Lindholm          Ryan Ellis                                        37     1   2  2  
 3 Kevin Bieksa             Michael Stone                                     15     0   3  2  
 4 T.J. Brodie              Ryan Ellis                                        10     1   2  2  

PowerPlay Forward 
   Center                   Left Wing                Right Wing               Time % Phy DF OF 
 1 Tyler Seguin             Patrick Kane             Mark Stone               55     0   1  4  
 2 Nazem Kadri              Jonathan Huberdeau       Jaromir Jagr             45     0   1  4  

PowerPlay Defense
   Defense                  Defense                                           Time % Phy DF OF 
 1 T.J. Brodie              Travis Hamonic                                    55     0   2  3  
 2 Hampus Lindholm          Ryan Ellis                                        45     0   2  3  

Penalty Kill 4 Players Forward 
   Center                   Wing                     Time % Phy DF OF 
 1 Tyler Seguin             Nazem Kadri              55     1   3  1  
 2 Jean-Gabriel Pageau      Justin Abdelkader        45     1   3  1  

Penalty Kill 4 Players Defense
   Defense                  Defense                  Time % Phy DF OF 
 1 T.J. Brodie              Michael Stone            55     1   4  0  
 2 Hampus Lindholm          Ryan Ellis               45     1   4  0  

Penalty Kill - 3 Players Forward 
   Forward                                           Time % Phy DF OF 
 1 Jean-Gabriel Pageau                               60     1   4  0  
 2 Nazem Kadri                                       40     1   4  0  

Penalty Kill - 3 Players Defense
   Defense                  Defense                  Time % Phy DF OF 
 1 T.J. Brodie              Michael Stone            60     1   4  0  
 2 Hampus Lindholm          Ryan Ellis               40     1   4  0  

4 vs 4 Forward 
   Center                   Wing                     Time % Phy DF OF 
 1 Tyler Seguin             Patrick Kane             55     0   2  3  
 2 Nazem Kadri              Jonathan Huberdeau       45     0   2  3  

4 vs 4 Defense
   Defense                  Defense                  Time % Phy DF OF 
 1 T.J. Brodie              Travis Hamonic           55     1   2  2  
 2 Hampus Lindholm          Ryan Ellis               45     1   2  2  

Last Minutes Offensive
   Center                   Left Wing                Right Wing               Defense                  Defense                  
   Tyler Seguin             Patrick Kane             Mark Stone               Ryan Ellis               T.J. Brodie              

Last Minutes Defensive
   Center                   Left Wing                Right Wing               Defense                  Defense                  
   Tyler Seguin             Patrick Kane             Mark Stone               Ryan Ellis               T.J. Brodie              

Goaltenders
Starting : Martin Jones             
Backup : Ryan Miller              

Extra Forwards
Normal : Jean-Gabriel Pageau, Tyler Seguin, Nazem Kadri - PP : Nazem Kadri, Patrick Kane - PK : Tyler Seguin
Extra Defensemen
Normal : Hampus Lindholm, Ryan Ellis, T.J. Brodie - PP : Travis Hamonic - PK : Michael Stone, Travis Hamonic
Penalty Shots
Patrick Kane, Tyler Seguin, Jonathan Huberdeau, Nazem Kadri, Ryan Ellis

Scratches
None

OTTAWA

5 vs 5 Forward 
   Center                   Left Wing                Right Wing               Time % Phy DF OF 
 1 Marcus Sorensen          Nick Foligno             Jordan Eberle            35     1   2  2  
 2 Oskar Sundqvist          Andrew Ladd              Eric Fehr                30     1   2  2  
 3 Dominik Simon            Jiri Hudler              Viktor Stalberg          25     1   2  2  
 4 Anton Slepyshev          Marcus Sorensen          Nick Foligno             10     1   2  2  

5 vs 5 Defense 
   Defense                  Defense                                           Time % Phy DF OF 
 1 Ryan Suter               Mark Stuart                                       35     1   2  2  
 2 Justin Schultz           Zach Bogosian                                     30     1   2  2  
 3 Brandon Davidson         Jeff Schultz                                      25     1   2  2  
 4 Jamie McBain             Dennis Wideman                                    10     1   2  2  

PowerPlay Forward 
   Center                   Left Wing                Right Wing               Time % Phy DF OF 
 1 Viktor Stalberg          Nick Foligno             Jordan Eberle            60     1   2  2  
 2 Jiri Hudler              Andrew Ladd              Eric Fehr                40     1   2  2  

PowerPlay Defense
   Defense                  Defense                                           Time % Phy DF OF 
 1 Ryan Suter               Brandon Davidson                                  60     1   2  2  
 2 Justin Schultz           Zach Bogosian                                     40     1   2  2  

Penalty Kill 4 Players Forward 
   Center                   Wing                     Time % Phy DF OF 
 1 Andrew Ladd              Viktor Stalberg          60     1   2  2  
 2 Jordan Eberle            Nick Foligno             40     1   2  2  

Penalty Kill 4 Players Defense
   Defense                  Defense                  Time % Phy DF OF 
 1 Ryan Suter               Mark Stuart              60     1   2  2  
 2 Justin Schultz           Zach Bogosian            40     1   2  2  

Penalty Kill - 3 Players Forward 
   Forward                                           Time % Phy DF OF 
 1 Nick Foligno                                      60     1   2  2  
 2 Jordan Eberle                                     40     1   2  2  

Penalty Kill - 3 Players Defense
   Defense                  Defense                  Time % Phy DF OF 
 1 Ryan Suter               Jamie McBain             60     1   2  2  
 2 Justin Schultz           Zach Bogosian            40     1   2  2  

4 vs 4 Forward 
   Center                   Wing                     Time % Phy DF OF 
 1 Viktor Stalberg          Andrew Ladd              60     1   2  2  
 2 Jordan Eberle            Nick Foligno             40     1   2  2  

4 vs 4 Defense
   Defense                  Defense                  Time % Phy DF OF 
 1 Ryan Suter               Jeff Schultz             60     1   2  2  
 2 Justin Schultz           Zach Bogosian            40     1   2  2  

Last Minutes Offensive
   Center                   Left Wing                Right Wing               Defense                  Defense                  
   Andrew Ladd              Nick Foligno             Jordan Eberle            Ryan Suter               Mark Stuart              

Last Minutes Defensive
   Center                   Left Wing                Right Wing               Defense                  Defense                  
   Andrew Ladd              Nick Foligno             Jordan Eberle            Ryan Suter               Mark Stuart              

Goaltenders
Starting : Connor Hellebuyck        
Backup : Carter Hutton            

Extra Forwards
Normal : Viktor Stalberg, Jiri Hudler, Dominik Simon - PP : Viktor Stalberg, Jiri Hudler - PK : Dominik Simon
Extra Defensemen
Normal : Brandon Davidson, Jeff Schultz, Jamie McBain - PP : Brandon Davidson - PK : Jeff Schultz, Jamie McBain
Penalty Shots
Jiri Hudler, Viktor Stalberg, Jordan Eberle, Nick Foligno, Andrew Ladd

Scratches
OTT CAP HIT (Suspend), Eddie Lack (Healthy)

% Time on Ice - VANCOUVER

Lines # - Real PCT - Wanted PCT - Time Play
Normal Forward
1 - 35% - 38% - 13:38
2 - 33% - 35% - 12:45
3 - 23% - 23% - 9:04
4 - 10% - 4% - 3:44
Normal Defense
1 - 36% - 38% - 14:09
2 - 36% - 37% - 13:57
3 - 26% - 15% - 10:01
4 - 3% - 10% - 1:04
PP Forward
1 - 58% - 55% - 6:51
2 - 42% - 45% - 5:03
PP Defense
1 - 56% - 55% - 6:43
2 - 44% - 45% - 5:11
PK Forward
1 - 68% - 55% - 6:02
2 - 32% - 45% - 2:53
PK Defense
1 - 45% - 55% - 4:02
2 - 55% - 45% - 4:53
PK3 Forward
1 - 0% - 60%
2 - 0% - 40%
PK3 Defense
1 - 0% - 60%
2 - 0% - 40%
44 Forward
1 - 0% - 55%
2 - 0% - 45%
44 Defense
1 - 0% - 55%
2 - 0% - 45%
Last Minute Offensive  - 0:00
Last Minute Defensive  - 0:00
Total
Forward - 60:00
Defense - 60:00

% Time on Ice - OTTAWA

Lines # - Real PCT - Wanted PCT - Time Play
Normal Forward
1 - 35% - 35% - 13:46
2 - 29% - 30% - 11:18
3 - 23% - 25% - 9:05
4 - 13% - 10% - 5:02
Normal Defense
1 - 32% - 35% - 12:37
2 - 27% - 30% - 10:42
3 - 24% - 25% - 9:31
4 - 16% - 10% - 6:21
PP Forward
1 - 46% - 60% - 4:08
2 - 54% - 40% - 4:47
PP Defense
1 - 57% - 60% - 5:05
2 - 43% - 40% - 3:50
PK Forward
1 - 70% - 60% - 8:20
2 - 30% - 40% - 3:34
PK Defense
1 - 50% - 60% - 5:59
2 - 50% - 40% - 5:55
PK3 Forward
1 - 0% - 60%
2 - 0% - 40%
PK3 Defense
1 - 0% - 60%
2 - 0% - 40%
44 Forward
1 - 0% - 60%
2 - 0% - 40%
44 Defense
1 - 0% - 60%
2 - 0% - 40%
Last Minute Offensive  - 0:00
Last Minute Defensive  - 0:00
Total
Forward - 60:00
Defense - 60:00

Play-by-Play

1st period


0:01 of 1st period - Marcus Sorensen wins face-off versus Tyler Seguin in neutral zone.
0:14 of 1st period - Shot by Nick Foligno.
0:14 of 1st period - Shot Misses the Net.
0:31 of 1st period - Icing by Tyler Seguin.
0:32 of 1st period - Tyler Seguin wins face-off versus Oskar Sundqvist in VANCOUVER zone.
1:29 of 1st period - Shot by Viktor Stalberg.
1:29 of 1st period - Stopped by Martin Jones without a rebound.
1:30 of 1st period - Jean-Gabriel Pageau wins face-off versus Anton Slepyshev in VANCOUVER zone.
1:48 of 1st period - Shot by Justin Abdelkader.
1:48 of 1st period - Shot Blocked by Jamie McBain.
1:58 of 1st period - Shot by Daniel Sedin.
1:58 of 1st period - Stopped by Connor Hellebuyck without a rebound.
1:59 of 1st period - Nazem Kadri wins face-off versus Dominik Simon in OTTAWA zone.
2:04 of 1st period - Shot by Nazem Kadri.
2:04 of 1st period - Stopped by Connor Hellebuyck without a rebound.
2:05 of 1st period - Nazem Kadri wins face-off versus Dominik Simon in OTTAWA zone.
2:15 of 1st period - Icing by Brandon Davidson.
2:16 of 1st period - Mark Arcobello wins face-off versus Dominik Simon in OTTAWA zone.
2:16 of 1st period - Mark Arcobello is hit by Jeff Schultz.
2:28 of 1st period - Ryan Ellis is hit by Viktor Stalberg and loses puck.
2:50 of 1st period - Icing by Brandon Davidson.
2:51 of 1st period - Nazem Kadri wins face-off versus Dominik Simon in OTTAWA zone.
4:31 of 1st period - Shot by Justin Abdelkader.
4:31 of 1st period - Shot Misses the Net.
4:45 of 1st period - Jean-Gabriel Pageau is hit by Oskar Sundqvist and loses puck.
5:01 of 1st period - Ryan Ellis is hit by Eric Fehr and loses puck.
5:17 of 1st period - Off-side.
5:18 of 1st period - Tyler Seguin wins face-off versus Dominik Simon in neutral zone.
7:07 of 1st period - Shot by Andrew Ladd.
7:07 of 1st period - Goal by Andrew Ladd - VANCOUVER : 0 - OTTAWA : 1.
7:08 of 1st period - Jean-Gabriel Pageau wins face-off versus Anton Slepyshev in neutral zone.
7:26 of 1st period - Zach Bogosian is hit by Michael Stone and loses puck.
7:42 of 1st period - Icing by Kevin Bieksa.
7:43 of 1st period - Jean-Gabriel Pageau wins face-off versus Oskar Sundqvist in VANCOUVER zone.
7:48 of 1st period - Shot by Kevin Bieksa.
7:48 of 1st period - Stopped by Connor Hellebuyck without a rebound.
7:49 of 1st period - Dominik Simon wins face-off versus Tyler Seguin in OTTAWA zone.
7:49 of 1st period - Dominik Simon is hit by Tyler Seguin.
7:56 of 1st period - Ryan Suter is hit by Travis Hamonic.
8:06 of 1st period - Shot by Jiri Hudler.
8:06 of 1st period - Shot Misses the Net.
8:08 of 1st period - Shot by Dominik Simon.
8:08 of 1st period - Stopped by Martin Jones with a rebound.
8:10 of 1st period - Shot by Mark Stuart.
8:10 of 1st period - Shot Misses the Net.
8:23 of 1st period - Shot by Dominik Simon.
8:23 of 1st period - Stopped by Martin Jones without a rebound.
8:24 of 1st period - Nazem Kadri wins face-off versus Oskar Sundqvist in VANCOUVER zone.
8:24 of 1st period - Nazem Kadri is hit by Oskar Sundqvist.
8:35 of 1st period - Justin Schultz is hit by Ryan Ellis and loses puck.
8:37 of 1st period - Minor Penalty to Hampus Lindholm for Cross-checking.
8:38 of 1st period - Tyler Seguin wins face-off versus Viktor Stalberg in VANCOUVER zone.
9:01 of 1st period - Shot by Tyler Seguin.
9:01 of 1st period - Shot Hit the Post.
9:45 of 1st period - Shot by Zach Bogosian.
9:45 of 1st period - Shot Misses the Net.
9:47 of 1st period - Shot by Andrew Ladd.
9:47 of 1st period - Stopped by Martin Jones without a rebound.
9:48 of 1st period - Tyler Seguin wins face-off versus Jiri Hudler in VANCOUVER zone.
10:04 of 1st period - Icing by Eric Fehr.
10:05 of 1st period - Jiri Hudler wins face-off versus Jean-Gabriel Pageau in OTTAWA zone.
10:47 of 1st period - Icing by Anton Slepyshev.
10:48 of 1st period - Tyler Seguin wins face-off versus Anton Slepyshev in OTTAWA zone.
11:52 of 1st period - Hampus Lindholm is hit by Andrew Ladd and loses puck.
11:59 of 1st period - Shot by Andrew Ladd.
11:59 of 1st period - Stopped by Martin Jones with a rebound.
13:01 of 1st period - Shot by Viktor Stalberg.
13:01 of 1st period - Shot Misses the Net.
13:28 of 1st period - Brandon Davidson is hit by Michael Stone and loses puck.
13:34 of 1st period - Icing by Brandon Davidson.
13:35 of 1st period - Marcus Sorensen wins face-off versus Jean-Gabriel Pageau in OTTAWA zone.
13:37 of 1st period - Icing by Nick Foligno.
13:38 of 1st period - Tyler Seguin wins face-off versus Marcus Sorensen in OTTAWA zone.
13:42 of 1st period - Icing by Brandon Davidson.
13:43 of 1st period - Tyler Seguin wins face-off versus Nick Foligno in OTTAWA zone.
13:43 of 1st period - Tyler Seguin is hit by Jeff Schultz.
13:49 of 1st period - Shot by Patrick Kane.
13:49 of 1st period - Stopped by Connor Hellebuyck without a rebound.
13:50 of 1st period - Oskar Sundqvist wins face-off versus Tyler Seguin in OTTAWA zone.
14:27 of 1st period - Shot by Andrew Ladd.
14:27 of 1st period - Stopped by Martin Jones with a rebound.
14:46 of 1st period - Icing by Justin Schultz.
14:47 of 1st period - Jean-Gabriel Pageau wins face-off versus Dominik Simon in OTTAWA zone.
15:12 of 1st period - Icing by Michael Stone.
15:13 of 1st period - Jean-Gabriel Pageau wins face-off versus Marcus Sorensen in VANCOUVER zone.
15:13 of 1st period - Jean-Gabriel Pageau is hit by Nick Foligno.
15:18 of 1st period - Michael Stone is hit by Nick Foligno and loses puck.
15:33 of 1st period - Shot by Nick Foligno.
15:33 of 1st period - Shot Misses the Net.
15:35 of 1st period - Shot by Nick Foligno.
15:35 of 1st period - Stopped by Martin Jones without a rebound.
15:36 of 1st period - Nazem Kadri wins face-off versus Oskar Sundqvist in VANCOUVER zone.
15:36 of 1st period - Nazem Kadri is hit by Eric Fehr.
15:37 of 1st period - Minor Penalty to Eric Fehr for Slashing.
15:38 of 1st period - Tyler Seguin wins face-off versus Andrew Ladd in OTTAWA zone.
15:43 of 1st period - Shot by Patrick Kane.
15:43 of 1st period - Shot Misses the Net.
15:45 of 1st period - Shot by T.J. Brodie.
15:45 of 1st period - Stopped by Connor Hellebuyck without a rebound.
15:46 of 1st period - Tyler Seguin wins face-off versus Andrew Ladd in OTTAWA zone.
15:47 of 1st period - Shot by T.J. Brodie.
15:47 of 1st period - Shot Misses the Net.
15:49 of 1st period - Shot by Mark Stone.
15:49 of 1st period - Shot Blocked by Viktor Stalberg.
15:51 of 1st period - Shot by Mark Stone.
15:51 of 1st period - Stopped by Connor Hellebuyck without a rebound.
15:52 of 1st period - Andrew Ladd wins face-off versus Tyler Seguin in OTTAWA zone.
16:06 of 1st period - Icing by Patrick Kane.
16:07 of 1st period - Tyler Seguin wins face-off versus Andrew Ladd in VANCOUVER zone.
17:08 of 1st period - Shot by Andrew Ladd.
17:08 of 1st period - Shot Misses the Net.
17:14 of 1st period - Shot by Andrew Ladd.
17:14 of 1st period - Deflect By Viktor Stalberg.
17:14 of 1st period - Shot Misses the Net.
17:16 of 1st period - Shot by Ryan Suter.
17:16 of 1st period - Shot Misses the Net.
17:18 of 1st period - Shot by Andrew Ladd.
17:18 of 1st period - Shot Misses the Net.
17:39 of 1st period - Shot by Jaromir Jagr.
17:39 of 1st period - Shot Blocked by Jeff Schultz.
17:41 of 1st period - Shot by Michael Stone.
17:41 of 1st period - Shot Misses the Net.
17:43 of 1st period - Shot by Jean-Gabriel Pageau.
17:43 of 1st period - Shot Misses the Net.
17:48 of 1st period - Minor Penalty to Anton Slepyshev for Tripping.
17:49 of 1st period - Tyler Seguin wins face-off versus Jordan Eberle in OTTAWA zone.
19:15 of 1st period - Jeff Schultz is hit by Tyler Seguin and loses puck.
19:36 of 1st period - Shot by Patrick Kane.
19:36 of 1st period - Shot Blocked by Zach Bogosian.
Goals for this period are 0 for VANCOUVER vs 1 for OTTAWA.
Shots for this period are 6 for VANCOUVER vs 8 for OTTAWA.

2nd period


0:01 of 2nd period - Marcus Sorensen wins face-off versus Tyler Seguin in neutral zone.
0:01 of 2nd period - Marcus Sorensen is hit by Mark Stone.
0:35 of 2nd period - Shot by Tyler Seguin.
0:35 of 2nd period - Stopped by Connor Hellebuyck without a rebound.
0:36 of 2nd period - Nazem Kadri wins face-off versus Oskar Sundqvist in OTTAWA zone.
0:38 of 2nd period - Jaromir Jagr is hit by Zach Bogosian and loses puck.
0:41 of 2nd period - Shot by Nazem Kadri.
0:41 of 2nd period - Shot Misses the Net.
0:43 of 2nd period - Shot by Travis Hamonic.
0:43 of 2nd period - Shot Misses the Net.
0:45 of 2nd period - Shot by Nazem Kadri.
0:45 of 2nd period - Deflect By Jonathan Huberdeau.
0:45 of 2nd period - Stopped by Connor Hellebuyck without a rebound.
0:46 of 2nd period - Nazem Kadri wins face-off versus Dominik Simon in OTTAWA zone.
0:52 of 2nd period - Icing by Brandon Davidson.
0:53 of 2nd period - Dominik Simon wins face-off versus Nazem Kadri in OTTAWA zone.
1:00 of 2nd period - Shot by Viktor Stalberg.
1:00 of 2nd period - Stopped by Martin Jones without a rebound.
1:01 of 2nd period - Nazem Kadri wins face-off versus Marcus Sorensen in VANCOUVER zone.
1:30 of 2nd period - Shot by Jordan Eberle.
1:30 of 2nd period - Shot Blocked by Ryan Ellis.
1:32 of 2nd period - Shot by Ryan Suter.
1:32 of 2nd period - Stopped by Martin Jones with a rebound.
1:42 of 2nd period - Shot by Jordan Eberle.
1:42 of 2nd period - Stopped by Martin Jones without a rebound.
1:43 of 2nd period - Tyler Seguin wins face-off versus Oskar Sundqvist in VANCOUVER zone.
3:00 of 2nd period - Icing by Ryan Ellis.
3:01 of 2nd period - Jean-Gabriel Pageau wins face-off versus Marcus Sorensen in VANCOUVER zone.
3:12 of 2nd period - Off-side.
3:13 of 2nd period - Marcus Sorensen wins face-off versus Nazem Kadri in neutral zone.
3:13 of 2nd period - Jordan Eberle is hit by Jonathan Huberdeau and loses puck.
3:27 of 2nd period - Nick Foligno is hit by Kevin Bieksa.
3:29 of 2nd period - Shot by Jordan Eberle.
3:29 of 2nd period - Shot Misses the Net.
3:37 of 2nd period - Shot by Nick Foligno.
3:37 of 2nd period - Stopped by Martin Jones with a rebound.
3:39 of 2nd period - Shot by Nick Foligno.
3:39 of 2nd period - Shot Blocked by Michael Stone.
3:47 of 2nd period - Shot by Nick Foligno.
3:47 of 2nd period - Shot Blocked by Michael Stone.
3:51 of 2nd period - Shot by Jordan Eberle.
3:51 of 2nd period - Stopped by Martin Jones without a rebound.
3:52 of 2nd period - Oskar Sundqvist wins face-off versus Jean-Gabriel Pageau in VANCOUVER zone.
4:53 of 2nd period - Shot by Tyler Seguin.
4:53 of 2nd period - Shot Blocked by Zach Bogosian.
4:58 of 2nd period - Patrick Kane is hit by Justin Schultz and loses puck.
5:18 of 2nd period - Off-side.
5:19 of 2nd period - Nazem Kadri wins face-off versus Marcus Sorensen in neutral zone.
5:28 of 2nd period - Shot by Jaromir Jagr.
5:28 of 2nd period - Deflect By Jonathan Huberdeau.
5:28 of 2nd period - Stopped by Connor Hellebuyck without a rebound.
5:29 of 2nd period - Marcus Sorensen wins face-off versus Nazem Kadri in OTTAWA zone.
5:46 of 2nd period - Shot by Nick Foligno.
5:46 of 2nd period - Shot Blocked by Michael Stone.
6:37 of 2nd period - Shot by Andrew Ladd.
6:37 of 2nd period - Shot Misses the Net.
7:18 of 2nd period - Shot by Dominik Simon.
7:18 of 2nd period - Stopped by Martin Jones without a rebound.
7:19 of 2nd period - Marcus Sorensen wins face-off versus Jean-Gabriel Pageau in VANCOUVER zone.
7:26 of 2nd period - Shot by Dennis Wideman.
7:26 of 2nd period - Shot Misses the Net.
7:28 of 2nd period - Shot by Dennis Wideman.
7:28 of 2nd period - Goal by Dennis Wideman - VANCOUVER : 0 - OTTAWA : 2.
7:29 of 2nd period - Dominik Simon wins face-off versus Justin Abdelkader in neutral zone.
7:29 of 2nd period - Dominik Simon is hit by Justin Abdelkader.
7:32 of 2nd period - Viktor Stalberg is hit by Jean-Gabriel Pageau and loses puck.
7:38 of 2nd period - Minor Penalty to Ryan Ellis for Roughing.
7:39 of 2nd period - Tyler Seguin wins face-off versus Viktor Stalberg in VANCOUVER zone.
7:54 of 2nd period - Shot by Ryan Suter.
7:54 of 2nd period - Shot Blocked by Michael Stone.
7:56 of 2nd period - Shot by Brandon Davidson.
7:56 of 2nd period - Stopped by Martin Jones without a rebound.
7:57 of 2nd period - Tyler Seguin wins face-off versus Jiri Hudler in VANCOUVER zone.
8:10 of 2nd period - Shot by Zach Bogosian.
8:10 of 2nd period - Shot Blocked by Nazem Kadri.
8:12 of 2nd period - Shot by Eric Fehr.
8:12 of 2nd period - Stopped by Martin Jones without a rebound.
8:13 of 2nd period - Viktor Stalberg wins face-off versus Jean-Gabriel Pageau in VANCOUVER zone.
8:30 of 2nd period - Shot by Nick Foligno.
8:30 of 2nd period - Shot Misses the Net.
8:32 of 2nd period - Shot by Ryan Suter.
8:32 of 2nd period - Stopped by Martin Jones without a rebound.
8:33 of 2nd period - Tyler Seguin wins face-off versus Jiri Hudler in VANCOUVER zone.
8:44 of 2nd period - Shot by Justin Schultz.
8:44 of 2nd period - Shot Misses the Net.
8:46 of 2nd period - Shot by Justin Schultz.
8:46 of 2nd period - Stopped by Martin Jones with a rebound.
8:48 of 2nd period - Shot by Justin Schultz.
8:48 of 2nd period - Shot Blocked by Michael Stone.
9:06 of 2nd period - Shot by Justin Schultz.
9:06 of 2nd period - Stopped by Martin Jones without a rebound.
9:07 of 2nd period - Jean-Gabriel Pageau wins face-off versus Viktor Stalberg in VANCOUVER zone.
9:15 of 2nd period - Nick Foligno is hit by Travis Hamonic and loses puck.
9:26 of 2nd period - Shot by Jordan Eberle.
9:26 of 2nd period - Stopped by Martin Jones without a rebound.
9:27 of 2nd period - Tyler Seguin wins face-off versus Viktor Stalberg in VANCOUVER zone.
9:44 of 2nd period - Shot by Ryan Ellis.
9:44 of 2nd period - Stopped by Connor Hellebuyck with a rebound.
9:46 of 2nd period - Shot by T.J. Brodie.
9:46 of 2nd period - Shot Blocked by Eric Fehr.
9:48 of 2nd period - Shot by T.J. Brodie.
9:48 of 2nd period - Stopped by Connor Hellebuyck without a rebound.
9:49 of 2nd period - Tyler Seguin wins face-off versus Anton Slepyshev in OTTAWA zone.
9:52 of 2nd period - Shot by Mark Stone.
9:52 of 2nd period - Shot Misses the Net.
10:05 of 2nd period - Minor Penalty to Jeff Schultz for Boarding.
10:06 of 2nd period - Andrew Ladd wins face-off versus Jonathan Huberdeau in OTTAWA zone.
10:14 of 2nd period - Jonathan Huberdeau is hit by Ryan Suter and loses puck.
10:19 of 2nd period - Shot by Jaromir Jagr.
10:19 of 2nd period - Stopped by Connor Hellebuyck without a rebound.
10:20 of 2nd period - Tyler Seguin wins face-off versus Andrew Ladd in OTTAWA zone.
10:41 of 2nd period - Shot by Patrick Kane.
10:41 of 2nd period - Deflect By Tyler Seguin.
10:41 of 2nd period - Shot Blocked by Ryan Suter.
10:52 of 2nd period - Shot by Patrick Kane.
10:52 of 2nd period - Shot Misses the Net.
10:54 of 2nd period - Shot by Tyler Seguin.
10:54 of 2nd period - Shot Misses the Net.
10:58 of 2nd period - Shot by Travis Hamonic.
10:58 of 2nd period - Stopped by Connor Hellebuyck without a rebound.
10:59 of 2nd period - Nazem Kadri wins face-off versus Jordan Eberle in OTTAWA zone.
10:59 of 2nd period - Ryan Ellis is hit by Zach Bogosian and loses puck.
11:10 of 2nd period - Shot by Jaromir Jagr.
11:10 of 2nd period - Shot Blocked by Justin Schultz.
11:12 of 2nd period - Shot by Jonathan Huberdeau.
11:12 of 2nd period - Stopped by Connor Hellebuyck without a rebound.
11:13 of 2nd period - Andrew Ladd wins face-off versus Nazem Kadri in OTTAWA zone.
11:28 of 2nd period - Shot by Jonathan Huberdeau.
11:28 of 2nd period - Stopped by Connor Hellebuyck without a rebound.
11:29 of 2nd period - Tyler Seguin wins face-off versus Jordan Eberle in OTTAWA zone.
11:34 of 2nd period - Shot by T.J. Brodie.
11:34 of 2nd period - Stopped by Connor Hellebuyck without a rebound.
11:35 of 2nd period - Andrew Ladd wins face-off versus Tyler Seguin in OTTAWA zone.
12:00 of 2nd period - Shot by Tyler Seguin.
12:00 of 2nd period - Shot Misses the Net.
12:05 of 2nd period - Mark Stone is hit by Zach Bogosian and loses puck.
12:23 of 2nd period - Shot by Jordan Eberle.
12:23 of 2nd period - Stopped by Martin Jones without a rebound.
12:24 of 2nd period - Jean-Gabriel Pageau wins face-off versus Oskar Sundqvist in VANCOUVER zone.
13:04 of 2nd period - Icing by Justin Abdelkader.
13:05 of 2nd period - Jean-Gabriel Pageau wins face-off versus Marcus Sorensen in VANCOUVER zone.
13:14 of 2nd period - Ryan Suter is hit by Justin Abdelkader and loses puck.
13:27 of 2nd period - Shot by Jordan Eberle.
13:27 of 2nd period - Shot Misses the Net.
13:29 of 2nd period - Shot by Ryan Suter.
13:29 of 2nd period - Shot Misses the Net.
13:31 of 2nd period - Shot by Nick Foligno.
13:31 of 2nd period - Shot Misses the Net.
13:33 of 2nd period - Shot by Ryan Suter.
13:33 of 2nd period - Stopped by Martin Jones without a rebound.
13:34 of 2nd period - Tyler Seguin wins face-off versus Dominik Simon in VANCOUVER zone.
13:43 of 2nd period - Zach Bogosian is hit by Tyler Seguin and loses puck.
13:51 of 2nd period - Jiri Hudler is hit by Hampus Lindholm and loses puck.
14:08 of 2nd period - Shot by Tyler Seguin.
14:08 of 2nd period - Stopped by Connor Hellebuyck without a rebound.
14:09 of 2nd period - Nazem Kadri wins face-off versus Oskar Sundqvist in OTTAWA zone.
14:16 of 2nd period - Shot by Nazem Kadri.
14:16 of 2nd period - Stopped by Connor Hellebuyck with a rebound.
14:27 of 2nd period - Shot by Eric Fehr.
14:27 of 2nd period - Goal by Eric Fehr - VANCOUVER : 0 - OTTAWA : 3.
14:28 of 2nd period - Marcus Sorensen wins face-off versus Mark Arcobello in neutral zone.
15:10 of 2nd period - Ryan Ellis is hit by Nick Foligno and loses puck.
15:34 of 2nd period - Icing by Brandon Davidson.
15:35 of 2nd period - Nazem Kadri wins face-off versus Marcus Sorensen in OTTAWA zone.
15:54 of 2nd period - Icing by Brandon Davidson.
15:55 of 2nd period - Marcus Sorensen wins face-off versus Tyler Seguin in OTTAWA zone.
16:14 of 2nd period - Shot by Andrew Ladd.
16:14 of 2nd period - Shot Misses the Net.
16:16 of 2nd period - Shot by Mark Stuart.
16:16 of 2nd period - Shot Misses the Net.
16:23 of 2nd period - Minor Penalty to Travis Hamonic for Interference.
16:24 of 2nd period - Jiri Hudler wins face-off versus Tyler Seguin in VANCOUVER zone.
16:33 of 2nd period - Shot by Justin Schultz.
16:33 of 2nd period - Stopped by Martin Jones without a rebound.
16:34 of 2nd period - Tyler Seguin wins face-off versus Jiri Hudler in VANCOUVER zone.
16:46 of 2nd period - Shot by Justin Schultz.
16:46 of 2nd period - Shot Blocked by T.J. Brodie.
16:58 of 2nd period - Shot by Justin Schultz.
16:58 of 2nd period - Shot Misses the Net.
17:00 of 2nd period - Shot by Zach Bogosian.
17:00 of 2nd period - Deflect By Andrew Ladd.
17:00 of 2nd period - Stopped by Martin Jones without a rebound.
17:01 of 2nd period - Tyler Seguin wins face-off versus Viktor Stalberg in VANCOUVER zone.
17:13 of 2nd period - Ryan Suter is hit by Michael Stone and loses puck.
17:19 of 2nd period - Jordan Eberle is hit by T.J. Brodie and loses puck.
17:22 of 2nd period - Shot by Ryan Suter.
17:22 of 2nd period - Goal by Ryan Suter - VANCOUVER : 0 - OTTAWA : 4.
17:23 of 2nd period - Dominik Simon wins face-off versus Nazem Kadri in neutral zone.
17:25 of 2nd period - Off-side.
17:26 of 2nd period - Nazem Kadri wins face-off versus Oskar Sundqvist in neutral zone.
17:30 of 2nd period - T.J. Brodie is hit by Mark Stuart and loses puck.
17:34 of 2nd period - Icing by Mark Stuart.
17:35 of 2nd period - Oskar Sundqvist wins face-off versus Nazem Kadri in OTTAWA zone.
18:45 of 2nd period - Icing by Ryan Ellis.
18:46 of 2nd period - Viktor Stalberg wins face-off versus Tyler Seguin in VANCOUVER zone.
18:58 of 2nd period - Mark Stone is hit by Dominik Simon and loses puck.
19:09 of 2nd period - Shot by Tyler Seguin.
19:09 of 2nd period - Stopped by Connor Hellebuyck without a rebound.
19:10 of 2nd period - Jean-Gabriel Pageau wins face-off versus Marcus Sorensen in OTTAWA zone.
19:56 of 2nd period - Off-side.
19:57 of 2nd period - Tyler Seguin wins face-off versus Oskar Sundqvist in neutral zone.
Goals for this period are 0 for VANCOUVER vs 3 for OTTAWA.
Shots for this period are 13 for VANCOUVER vs 19 for OTTAWA.

3rd period


0:01 of 3rd period - Tyler Seguin wins face-off versus Marcus Sorensen in neutral zone.
0:12 of 3rd period - Shot by Tyler Seguin.
0:12 of 3rd period - Shot Blocked by Ryan Suter.
0:14 of 3rd period - Shot by Mark Stone.
0:14 of 3rd period - Stopped by Connor Hellebuyck without a rebound.
0:15 of 3rd period - Oskar Sundqvist wins face-off versus Nazem Kadri in OTTAWA zone.
0:33 of 3rd period - Icing by Ryan Ellis.
0:34 of 3rd period - Marcus Sorensen wins face-off versus Nazem Kadri in VANCOUVER zone.
1:31 of 3rd period - Justin Schultz is hit by Patrick Kane and loses puck.
1:37 of 3rd period - Minor Penalty to Justin Schultz for Roughing.
1:38 of 3rd period - Andrew Ladd wins face-off versus Mark Stone in OTTAWA zone.
2:36 of 3rd period - Shot by Jordan Eberle.
2:36 of 3rd period - Shot Misses the Net.
3:19 of 3rd period - Ryan Suter is hit by Patrick Kane and loses puck.
3:32 of 3rd period - Shot by Patrick Kane.
3:32 of 3rd period - Deflect By Tyler Seguin.
3:32 of 3rd period - Shot Misses the Net.
3:34 of 3rd period - Shot by Mark Stone.
3:34 of 3rd period - Shot Misses the Net.
3:36 of 3rd period - Shot by Mark Stone.
3:36 of 3rd period - Stopped by Connor Hellebuyck with a rebound.
3:47 of 3rd period - Minor Penalty to Anton Slepyshev for Holding.
3:48 of 3rd period - Nazem Kadri wins face-off versus Jordan Eberle in OTTAWA zone.
4:59 of 3rd period - Icing by Travis Hamonic.
5:00 of 3rd period - Tyler Seguin wins face-off versus Dominik Simon in VANCOUVER zone.
5:19 of 3rd period - Shot by Nazem Kadri.
5:19 of 3rd period - Deflect By Jaromir Jagr.
5:19 of 3rd period - Stopped by Connor Hellebuyck with a rebound.
5:23 of 3rd period - Shot by Nazem Kadri.
5:23 of 3rd period - Shot Misses the Net.
5:25 of 3rd period - Shot by Ryan Ellis.
5:25 of 3rd period - Shot Blocked by Justin Schultz.
5:27 of 3rd period - Shot by Ryan Ellis.
5:27 of 3rd period - Shot Misses the Net.
5:29 of 3rd period - Shot by Nazem Kadri.
5:29 of 3rd period - Deflect By Jaromir Jagr.
5:29 of 3rd period - Shot Misses the Net.
5:31 of 3rd period - Shot by Hampus Lindholm.
5:31 of 3rd period - Stopped by Connor Hellebuyck with a rebound.
5:33 of 3rd period - Shot by Hampus Lindholm.
5:33 of 3rd period - Stopped by Connor Hellebuyck without a rebound.
5:34 of 3rd period - Tyler Seguin wins face-off versus Andrew Ladd in OTTAWA zone.
5:50 of 3rd period - Off-side.
5:51 of 3rd period - Anton Slepyshev wins face-off versus Daniel Sedin in neutral zone.
6:02 of 3rd period - Shot by Jeff Schultz.
6:02 of 3rd period - Shot Misses the Net.
6:04 of 3rd period - Shot by Marcus Sorensen.
6:04 of 3rd period - Shot Misses the Net.
6:06 of 3rd period - Shot by Brandon Davidson.
6:06 of 3rd period - Stopped by Martin Jones without a rebound.
6:07 of 3rd period - Oskar Sundqvist wins face-off versus Mark Arcobello in VANCOUVER zone.
6:24 of 3rd period - Icing by Dennis Wideman.
6:25 of 3rd period - Oskar Sundqvist wins face-off versus Nazem Kadri in OTTAWA zone.
6:25 of 3rd period - Dennis Wideman is hit by Nazem Kadri and loses puck.
7:08 of 3rd period - Shot by Jaromir Jagr.
7:08 of 3rd period - Stopped by Connor Hellebuyck without a rebound.
7:09 of 3rd period - Tyler Seguin wins face-off versus Marcus Sorensen in OTTAWA zone.
7:10 of 3rd period - Shot by Patrick Kane.
7:10 of 3rd period - Shot Blocked by Ryan Suter.
8:04 of 3rd period - Tyler Seguin is hit by Nick Foligno and loses puck.
9:39 of 3rd period - Shot by Justin Abdelkader.
9:39 of 3rd period - Shot Blocked by Dominik Simon.
9:41 of 3rd period - Shot by Michael Stone.
9:41 of 3rd period - Stopped by Connor Hellebuyck without a rebound.
9:42 of 3rd period - Mark Arcobello wins face-off versus Andrew Ladd in OTTAWA zone.
9:42 of 3rd period - Mark Arcobello is hit by Brandon Davidson.
9:46 of 3rd period - Shot by Chris Kunitz.
9:46 of 3rd period - Stopped by Connor Hellebuyck without a rebound.
9:47 of 3rd period - Eric Fehr wins face-off versus Justin Abdelkader in OTTAWA zone.
10:02 of 3rd period - Eric Fehr is hit by Jean-Gabriel Pageau and loses puck.
10:09 of 3rd period - Shot by Justin Abdelkader.
10:09 of 3rd period - Shot Misses the Net.
10:11 of 3rd period - Shot by Kevin Bieksa.
10:11 of 3rd period - Stopped by Connor Hellebuyck without a rebound.
10:12 of 3rd period - Tyler Seguin wins face-off versus Marcus Sorensen in OTTAWA zone.
10:20 of 3rd period - Jordan Eberle is hit by Hampus Lindholm and loses puck.
11:20 of 3rd period - Jordan Eberle is hit by Travis Hamonic and loses puck.
11:46 of 3rd period - Minor Penalty to Eric Fehr for Hooking.
11:47 of 3rd period - Nazem Kadri wins face-off versus Andrew Ladd in OTTAWA zone.
11:52 of 3rd period - Shot by Jaromir Jagr.
11:52 of 3rd period - Shot Misses the Net.
11:54 of 3rd period - Shot by Travis Hamonic.
11:54 of 3rd period - Stopped by Connor Hellebuyck with a rebound.
11:56 of 3rd period - Shot by T.J. Brodie.
11:56 of 3rd period - Stopped by Connor Hellebuyck without a rebound.
11:57 of 3rd period - Andrew Ladd wins face-off versus Tyler Seguin in OTTAWA zone.
12:38 of 3rd period - Shot by Jonathan Huberdeau.
12:38 of 3rd period - Stopped by Connor Hellebuyck without a rebound.
12:39 of 3rd period - Jordan Eberle wins face-off versus Jaromir Jagr in OTTAWA zone.
12:59 of 3rd period - Shot by Travis Hamonic.
12:59 of 3rd period - Shot Blocked by Jeff Schultz.
13:11 of 3rd period - Shot by Nazem Kadri.
13:11 of 3rd period - Stopped by Connor Hellebuyck without a rebound.
13:12 of 3rd period - Tyler Seguin wins face-off versus Jordan Eberle in OTTAWA zone.
13:28 of 3rd period - Shot by Tyler Seguin.
13:28 of 3rd period - Shot Blocked by Ryan Suter.
13:34 of 3rd period - Shot by Hampus Lindholm.
13:34 of 3rd period - Stopped by Connor Hellebuyck without a rebound.
13:35 of 3rd period - Nazem Kadri wins face-off versus Andrew Ladd in OTTAWA zone.
13:57 of 3rd period - Shot by Nick Foligno.
13:57 of 3rd period - Stopped by Martin Jones with a rebound.
13:58 of 3rd period - Minor Penalty to Kevin Bieksa for Holding.
13:59 of 3rd period - Nick Foligno wins face-off versus Tyler Seguin in VANCOUVER zone.
14:28 of 3rd period - Shot by Nick Foligno.
14:28 of 3rd period - Stopped by Martin Jones with a rebound.
14:32 of 3rd period - Shot by Nick Foligno.
14:32 of 3rd period - Stopped by Martin Jones without a rebound.
14:33 of 3rd period - Jiri Hudler wins face-off versus Jean-Gabriel Pageau in VANCOUVER zone.
14:44 of 3rd period - Shot by Zach Bogosian.
14:44 of 3rd period - Stopped by Martin Jones without a rebound.
14:45 of 3rd period - Tyler Seguin wins face-off versus Jiri Hudler in VANCOUVER zone.
15:36 of 3rd period - Shot by Nick Foligno.
15:36 of 3rd period - Shot Blocked by T.J. Brodie.
15:38 of 3rd period - Shot by Ryan Suter.
15:38 of 3rd period - Shot Misses the Net.
15:50 of 3rd period - Shot by Jordan Eberle.
15:50 of 3rd period - Stopped by Martin Jones without a rebound.
15:51 of 3rd period - Jean-Gabriel Pageau wins face-off versus Viktor Stalberg in VANCOUVER zone.
16:18 of 3rd period - Marian Gaborik is hit by Dennis Wideman and loses puck.
16:34 of 3rd period - Icing by Dennis Wideman.
16:35 of 3rd period - Jean-Gabriel Pageau wins face-off versus Anton Slepyshev in OTTAWA zone.
16:42 of 3rd period - Anton Slepyshev is hit by Justin Abdelkader and loses puck.
17:45 of 3rd period - Shot by Eric Fehr.
17:45 of 3rd period - Stopped by Martin Jones without a rebound.
17:46 of 3rd period - Dominik Simon wins face-off versus Nazem Kadri in VANCOUVER zone.
17:54 of 3rd period - Minor Penalty to Nazem Kadri for Holding.
17:55 of 3rd period - Tyler Seguin wins face-off versus Jiri Hudler in VANCOUVER zone.
18:03 of 3rd period - Icing by Andrew Ladd.
18:04 of 3rd period - Andrew Ladd wins face-off versus Tyler Seguin in OTTAWA zone.
18:27 of 3rd period - Shot by Ryan Suter.
18:27 of 3rd period - Stopped by Martin Jones with a rebound.
18:29 of 3rd period - Shot by Ryan Suter.
18:29 of 3rd period - Stopped by Martin Jones without a rebound.
18:30 of 3rd period - Viktor Stalberg wins face-off versus Tyler Seguin in VANCOUVER zone.
18:51 of 3rd period - Shot by Justin Schultz.
18:51 of 3rd period - Shot Misses the Net.
18:53 of 3rd period - Shot by Justin Schultz.
18:53 of 3rd period - Shot Misses the Net.
18:57 of 3rd period - Shot by Nick Foligno.
18:57 of 3rd period - Shot Blocked by T.J. Brodie.
19:36 of 3rd period - Icing by Brandon Davidson.
19:37 of 3rd period - Jiri Hudler wins face-off versus Tyler Seguin in OTTAWA zone.
Goals for this period are 0 for VANCOUVER vs 0 for OTTAWA.
Shots for this period are 14 for VANCOUVER vs 9 for OTTAWA.